 Dungeon Crawl Stone Soup version 0.19.0-20-gbc5f0c6 (webtiles) character file.

124 dohliylev the Sneak (level 4, -2/31 HPs)
             Began as a Vampire Enchanter on Nov 16, 2016.
             Killed by divine providence
             ... invoked by an orc priest
              (13 damage)
             ... on level 3 of the Dungeon on Nov 17, 2016.
             The game lasted 00:09:49 (1899 turns).

dohliylev the Sneak (Vampire Enchanter)             Turns: 1899, Time: 00:09:50

Health: -2/31      AC:  3    Str:  7    XL:     4   Next: 81%
Magic:  1/7        EV: 13    Int: 17    God:
Gold:   154        SH:  0    Dex: 15    Spells: 2 memorised, 5 levels left

rFire  . . .     SeeInvis +     a - +1 dagger
rCold  . . .     Gourm    .     b - +1 robe
rNeg   . . .     Faith    .     (no shield)
rPois  .         Spirit   .     (no helmet)
rElec  .         Reflect  .     (no cloak)
rCorr  .         Harm     .     (no gloves)
MR     .....                    (no boots)
Stlth  +++.......               (no amulet)
                                (no ring)
                                (no ring)

@: very slightly contaminated, regenerating quickly
A: fangs 3, see invisible, unbreathing
a: no special abilities


You were on level 3 of the Dungeon.
You were very full.

You visited 1 branch of the dungeon, and saw 3 of its levels.

You collected 154 gold pieces.

Inventory:

Hand Weapons
 a - a +1 dagger (weapon)
Armour
 b - a +1 robe (worn)
Jewellery
 j - a +2 ring of dexterity {unknown}
Scrolls
 e - a scroll of amnesia {unknown}
 g - a scroll of identify {unknown}
Potions
 f - 3 potions of degeneration {unknown}
 h - 4 potions of curing {unknown}
 i - a potion of might {unknown}
Books
 c - a book of Maledictions

   Spells                             Type                      Level
   a - Corona                         Hexes                        1
   b - Ensorcelled Hibernation        Hexes/Ice                    2
   c - Confuse                        Hexes                        3
   d - Tukima's Dance                 Hexes                        3
   e - Dazzling Spray                 Conjuration/Hexes            3


   Skills:
 + Level 0.8 Fighting
 + Level 2.1 Short Blades
 + Level 2.9 Dodging
 + Level 5.8 Stealth
 + Level 2.5 Spellcasting
 + Level 5.3 Hexes
 + Level 0.4 Ice Magic


You had 5 spell levels left.
You knew the following spells:

 Your Spells              Type           Power        Failure   Level  Hunger
a - Corona                Hex            ###....      2%          1    #......
b - Ensorcelled Hibernat  Hex/Ice        ##....       12%         2    ##.....


Dungeon Overview and Level Annotations

Branches:
Dungeon (3/15)

Altars:


Innate Abilities, Weirdness & Mutations

Your natural rate of healing is unusually fast.
You have razor-sharp teeth.
You have supernaturally acute eyesight. (SInv)
You can survive without breathing.


Message History

The orc priest resists with some effort.
Casting: Ensorcelled Hibernation
Confirm with . or Enter, or press ? or * to list all spells.
Aiming: Ensorcelled Hibernation
Press: ? - help, Shift-Dir - straight line, f/p - orc priest
Aim: an orc priest, wearing a ring mail (chance to defeat MR: 42%)
You miscast Ensorcelled Hibernation.
You are very lightly contaminated with residual magic.
Multicoloured lights dance before your eyes!
Casting: Ensorcelled Hibernation
Confirm with . or Enter, or press ? or * to list all spells.
Aiming: Ensorcelled Hibernation
Press: ? - help, Shift-Dir - straight line, f/p - orc priest
Aim: an orc priest, wearing a ring mail (chance to defeat MR: 42%)
The orc priest resists with some effort.
The orc priest mumbles some strange prayers to Beogh against you.
Pain shoots through your body!
The orc priest calls down the wrath of Beogh upon you.
Beogh smites you!
You die...

########
##......#####
#............
#########@.....####
#....(...###)#...#
#........#
#..##....
#.......o# ##.##
### #........# #<.#
#........# ##..# #
#......... #...# ##
#........#. ##..#
#. #####...### ..#
##.


You could see an orc priest.

Vanquished Creatures
  5 adders
  An ooze (D:1)
  A worm (D:2)
  3 dart slugs
  A leopard gecko (D:2)
  2 orcs (D:3)
  7 giant cockroaches
  8 goblins
  4 hobgoblins
  8 jackals
  6 kobolds
  A ball python (D:2)
  5 bats
  3 frilled lizards
  7 rats
62 creatures vanquished.

Notes
Turn   | Place    | Note
-------+----------+-------------------------------------------
     0 | D:1      | dohliylev the Vampire Enchanter began the quest for the Orb.
     0 | D:1      | Reached XP level 1. HP: 13/13 MP: 3/3
   166 | D:1      | Reached XP level 2. HP: 11/19 MP: 5/5
   265 | D:1      | Learned a level 2 spell: Ensorcelled Hibernation
   345 | D:1      | Reached skill level 5 in Stealth
   637 | D:1      | Reached XP level 3. HP: 19/24 MP: 6/6
  1042 | D:2      | Reached skill level 5 in Hexes
  1134 | D:2      | Reached XP level 4. HP: 31/31 MP: 4/7
  1899 | D:3      | Killed from afar by an orc priest

Skill      XL: |  1  2  3  4 |
---------------+-------------+-----
Stealth        | 5 |  5.8
Hexes          | 5 |  5.3
Short Blades   | 2 |  2.1
Fighting       | |  0.8
Dodging        | |  2.9
Spellcasting   | |  2.5
Ice Magic      | |  0.4

Action                   |  1- 3 |  4- 6 || total
-------------------------+-------+-------++-------
Melee: Dagger            |   144 |    75 ||   219
       Bite              |    13 |     2 ||    15
 Cast: Ensorcelled Hiber |    10 |    16 ||    26
  Use: Potion            |       |     4 ||     4
 Stab: Sleeping          |    14 |    15 ||    29
  Eat: Corpse            |     7 |     2 ||     9
Armor: Robe              |    29 |    11 ||    40
Dodge: Dodged            |    86 |    50 ||   136
